[Event "LV Capablanca Memorial Elite 2022"]
[Site "La Habana"]
[Date "2022.04.28"]
[Round "9.4"]
[White "Mareco, Sandro"]
[Black "Quesada Perez, Yasser"]
[Result "1/2-1/2"]
[ECO "B31"]
[WhiteElo "2643"]
[BlackElo "2568"]
[Annotator "TA"]
[PlyCount "147"]
[EventDate "2022.04.20"]
[EventType "tourn"]
[EventCountry "CUB"]
[SourceTitle "playchess.com"]
[Source "ChessBase"]
[SourceQuality "1"]
[TimeControl "40/5400+30:1800+30"]

1. e4 c5 2. Nf3 Nc6 3. Bb5 g6 4. O-O Bg7 5. Re1 e5 6. Bxc6 dxc6 7. d3 Qe7 8. a4 Nh6 {[%emt 0:04:36] B31: Sicilian: 2...Nc6 3 Bb5 g6.} 9. a5 f6 10. Nc3 Be6 {[%emt 0:01:44] White is slightly better.} 11. h3 (11. Be3 $14 {was preferrable.}) 11... O-O $11 12. Be3 (12. Na4 $5 ) 12... b5 {[%emt 0:04:30] Against Na4} 13. axb6 axb6 {[%emt 0:00:08] [#]} 14. Rxa8 $146 ({Predecessor:} 14. b3 Nf7 15. Qd2 f5 16. Rxa8 Rxa8 17. exf5 gxf5 18. Ng5 Bd5 19. Na4 Nxg5 20. Bxg5 Qc7 21. c4 Bf7 22. Bh6 Bf6 23. Bg5 Bg7 24. Bh6 Bf6 {½-½ (24) Peetoom,F (1914)-Ochsenhirt,J DESC email 2006}) 14... Rxa8 15. b3 b5 16. Qd2 Nf7 17. Nh2 c4 18. bxc4 bxc4 19. d4 exd4 20. Bxd4 Rd8 21. Qe3 Bh6 $1 22. Bc5 Qc7 23. Qf3 Bf4 24. e5 ({Don't play} 24. Ng4 Ng5 25. Qe2 (25. Nxf6+ $2 Kf7 $19) 25... Rd2 $17) (24. Nf1 $1 $15) 24... Bxe5 $17 25. Nf1 Qa5 $36 {[%emt 0:09:31][%csl LRc3,LRc5][%mdl 2048] Keeping White busy.} 26. Qe3 Bxc3 {[%emt 0:01:57] This bishop pair is nice.} 27. Bb6 Qe5 28. f4 Qxe3+ 29. Rxe3 {[%emt 0:00:04] [#]} Rb8 30. Ba7 Rb7 31. Bc5 {[%emt 0:00:04] [#]} Rb5 $1 32. Ba7 {[%emt 0:00:05] [#]} Be5 $1 33. fxe5 fxe5 34. Re1 Kf8 35. Bf2 Ke7 36. Ne3 Nd6 37. Bh4+ Kd7 38. Bf6 e4 (38... Nf7 $142 39. Bg7 Ra5) 39. g4 Bd5 40. Rf1 Ra5 41. Bd4 Nb5 42. Bb6 Ra2 43. Bc5 c3 44. Kh2 Na3 45. Rf2 (45. Rc1 $17 {might work better.}) 45... Nc4 $19 46. Kg3 Nd2 (46... Nxe3 $19 47. Bxe3 Kd6) 47. Rf8 Nc4 (47... h6 $142) 48. Rf2 $17 Ke6 49. Nd1 Nd2 (49... Ra5 $19 50. Bd4 c5) 50. Ne3 Nf3 51. Nd1 Ra5 52. Bb4 Ra1 53. Nxc3 Rg1+ 54. Kf4 g5+ 55. Ke3 Ke5 56. Ba5 Nh4 {[%emt 0:03:04] And now ...Ng2+ would win.} 57. Bc7+ Ke6 58. Kd4 Nf3+ 59. Ke3 $1 Nh4 60. Kd4 $1 Re1 (60... Ra1 $17 {White must now prevent ...Ra3.} 61. Kc5 Nf3) 61. Re2 Nf3+ 62. Ke3 $1 Rxe2+ 63. Nxe2 $11 {[%emt 0:00:21][%mdl 4096] Endgame KBN-KBN} Ne1 64. Nd4+ Kd7 65. Bg3 Ng2+ 66. Kf2 (66. Ke2 $15) 66... Nf4 ({Black should try} 66... e3+ $17 67. Ke2 Bc4+ 68. Kf3 Bf1) 67. h4 e3+ $1 68. Kxe3 Ng2+ 69. Kf2 gxh4 70. Bh2 h3 71. c3 c5 72. Ne2 Nh4 {[%emt 0:00:39] Threatens to win with ...Nf3.} (72... Be6 $5 ) 73. Nf4 Bg2 74. Bg3 {[%emt 0:01:06] And White is the lucky defender.  Weighted Error Value: White=0.08 (flawless) /Black=0.14 (very precise)} 1/2-1/2

[Event "LV Capablanca Memorial Elite 2022"]
[Site "La Habana"]
[Date "2022.04.28"]
[Round "9.5"]
[White "Durarbayli, Vasif"]
[Black "Ganguly, Surya Shekhar"]
[Result "1-0"]
[ECO "B92"]
[WhiteElo "2615"]
[BlackElo "2627"]
[Annotator "TA"]
[PlyCount "115"]
[EventDate "2022.04.20"]
[EventType "tourn"]
[EventCountry "CUB"]
[SourceTitle "playchess.com"]
[Source "ChessBase"]
[SourceQuality "1"]
[TimeControl "40/5400+30:1800+30"]

1. e4 c5 2. Nf3 d6 3. d4 cxd4 4. Nxd4 Nf6 5. Nc3 a6 6. Be2 e5 7. Nb3 Be7 8. O-O O-O 9. Re1 Be6 {[%emt 0:01:09] B92: Sicilian Najdorf: 6 Be2.} 10. Bf3 Qc7 11. Be3 Rc8 {[%emt 0:00:49] The position is equal.} 12. h3 h6 13. a4 Nbd7 {[%emt 0:00:09] [#]} 14. Qd3 $1 $146 {[%emt 0:01:26][%mdl 8] An important novelty.} ({Predecessor:} 14. a5 Rab8 15. Re2 Qc6 16. Nd5 Bd8 17. c3 Bxd5 18. exd5 Qc4 19. Re1 b5 20. axb6 Bxb6 21. Bxb6 Rxb6 {0-1 (71) Alekseenko,K (2693)-Giri,A (2777) Yasnaya Polyana 2021}) 14... Bc4 15. Qd2 Be6 16. a5 Rab8 17. Rec1 Qd8 18. Qe1 Ne8 19. Nd2 Bg5 20. Nf1 Ndf6 (20... Nf8 $11) 21. Na4 Rc4 (21... Nd7 $14 {was preferrable.}) 22. b3 Bxe3 23. Nxe3 Rxe4 24. Bxe4 Nxe4 25. Nc3 Nxc3 26. Qxc3 Qg5 27. Nf1 f5 28. Qg3 Rc8 29. c4 Qxg3 30. Nxg3 Kf8 31. Ne2 Ke7 32. Nc3 Rc5 33. Na4 Rxa5 {[%emt 0:04:16] Loses the game.} (33... Rc6 $16) 34. b4 $18 {[%emt 0:00:14][%mdl 64] [#] Trapped Piece} Rxa4 35. Rxa4 b5 $2 (35... Bxc4 36. Rxc4 b5) 36. cxb5 axb5 37. Ra7+ Bd7 38. Rc6 Ke6 39. Rb6 g5 (39... e4 $142 40. g4 Nf6 41. gxf5+ Ke5) 40. g4 fxg4 41. hxg4 e4 42. Kg2 Nf6 43. Raa6 Ne8 44. Kg3 Ke5 45. Ra7 Nf6 {[%emt 0:00:11] [#]} 46. Rxd7 $1 Nxd7 47. Rxb5+ {[%emt 0:00:16][%mdl 4096] Endgame KR-KN} d5 (47... Kd4 $142 48. Rb7 Nf6) 48. Ra5 Nf6 49. b5 h5 50. b6 h4+ 51. Kg2 Kd6 52. Rb5 Nd7 53. b7 Nb8 54. Rb6+ Kc7 55. Rg6 (55. Re6 $142 Kxb7 56. Rd6 Nc6 57. Rxd5 Kc7 58. Kh3 Nb4 59. Rxg5 Kd7 60. Rf5) 55... Kxb7 56. Rd6 {[%emt 0:01:33] White mates.} Kc7 57. Rxd5 Nd7 58. Kh3 {[%emt 0:00:25] Weighted Error Value: White=0.07 (flawless) /Black=0.46} 1-0